 Dungeon Crawl Stone Soup version 0.30-b1-2-g02819fbbbe (webtiles) character file.

Game seed: 17550230651552916581

113937 Canard the Impaler (level 16, -37/143 HPs)
             Began as a Merfolk Berserker on May 7, 2023.
             Was a High Priest of Trog.
             Killed from afar by an ironbound thunderhulk (58 damage)
             ... with a bolt of lightning
             ... on level 1 of the Vaults.
             The game lasted 01:34:05 (27716 turns).

Canard the Impaler (Merfolk Berserker)             Turns: 27716, Time: 01:34:06

Health: -37/143    AC: 21    Str: 25    XL:     16   Next: 64%
Magic:  16/16      EV: 19    Int:  7    God:    Trog [*****.]
Gold:   880        SH:  5    Dex: 13    Spells: 15/15 levels left

rFire   + . .        a - +12 glaive of Prune {freeze, Prune}
rCold   . . .        (shield currently unavailable)
rNeg    . . .        Z - +2 plate armour {rF+}
rPois   .            X - +0 helmet
rElec   .            M - scarf {shadows}
rCorr   .            h - +0 pair of gloves
SInv    .            T - +0 pair of boots
Will    ++...        U - amulet of reflection Stlth
                     F - +5 ring of evasion
HPRegen 0.43/turn    Q - ring of willpower
MPRegen 0.15/turn

%: reflection
@: studying 2 skills
A: (nimble swimmer 2), mertail
a: Renounce Religion, Berserk, Trog's Hand, Brothers in Arms


You were on level 1 of the Vaults.
You worshipped Trog.
Trog was extremely pleased with you.
You visited 5 branches of the dungeon, and saw 24 of its levels.
You also visited: Volcano.

You collected 2538 gold pieces.
You spent 1658 gold pieces at shops.

Inventory:

Hand Weapons
 a - the +12 glaive of Prune (weapon) {freeze, Prune}
   (Trog gifted it to you in a volcano)

   Prune:     It halves damage taken while paralysed, petrified or unconscious.
 b - the +10 glaive "Wynemnuc" {flame, rElec rN+}
   (Trog gifted it to you on level 12 of the Dungeon)

   rElec:     It insulates you from electricity.
   rN:        It protects you from negative energy.
 L - the +3 bardiche "Atitel" {flame, rC+ rCorr Str+5}
   (Trog gifted it to you on level 5 of the Lair of Beasts)

   Str:       It affects your strength (+5).
   rC:        It protects you from cold.
   rCorr:     It protects you from acid and corrosion.
Missiles
 j - 3 curare-tipped darts
 s - 13 javelins
 v - 33 poisoned darts (quivered)
 D - 3 silver javelins
 S - a throwing net
Armour
 h - a +0 pair of gloves (worn)
   (You found it on level 3 of the Dungeon)
 M - a scarf of shadows (worn)
   (You found it on level 3 of the Lair of Beasts)
 T - a +0 pair of boots (worn)
   (You found it on level 5 of the Lair of Beasts)
 X - a +0 helmet (worn)
   (You found it on level 12 of the Dungeon)
 Z - a +2 plate armour of fire resistance (worn)
   (You took it off an orc warrior on level 1 of the Orcish Mines)
Jewellery
 l - a ring of see invisible
   (You found it on level 3 of the Dungeon)
 t - a ring of flight
   (You found it on level 4 of the Dungeon)
 F - a +5 ring of evasion (left hand)
   (You found it on level 8 of the Dungeon)
 J - a ring of resist corrosion
   (You found it on level 8 of the Dungeon)
 O - a ring of ice
   (You found it on level 3 of the Lair of Beasts)
 Q - a ring of willpower (right hand)
   (You found it on level 5 of the Lair of Beasts)
 U - an amulet of reflection (around neck)
   (You found it on level 4 of the Lair of Beasts)
 Y - a ring of fire
   (You took it off a vault guard on level 13 of the Dungeon)
Wands
 c - a wand of polymorph (4)
   (You found it on level 15 of the Dungeon)
 u - a wand of flame (13)
   (You found it on level 4 of the Lair of Beasts)
 P - a wand of charming (18)
   (You found it on level 9 of the Dungeon)
 V - a wand of roots (2)
   (You found it on level 10 of the Dungeon)
 W - a wand of digging (17)
   (You found it on level 10 of the Dungeon)
Scrolls
 d - a scroll of torment
 e - 3 scrolls of teleportation
 f - 6 scrolls of immolation
 i - 3 scrolls of enchant armour
 k - 3 scrolls of vulnerability
 n - 2 scrolls of blinking
 w - 2 scrolls of fear
 y - a scroll of silence
 A - 2 scrolls of magic mapping
 B - 11 scrolls of identify
 H - 2 scrolls of enchant weapon
Potions
 m - a potion of invisibility
 o - 3 potions of resistance
 r - 4 potions of lignification
 x - 3 potions of mutation
 z - 11 potions of curing
 C - 2 potions of ambrosia
 E - 3 potions of might
 I - 2 potions of attraction
 K - 5 potions of haste
 R - 3 potions of flight
Miscellaneous
 g - a phantom mirror
   (You found it on level 1 of the Orcish Mines)
 p - a condenser vane
   (You found it on level 4 of the Lair of Beasts)
 G - a box of beasts
   (You found it on level 14 of the Dungeon)
 N - a piece from Xom's chessboard (15/15)
   (You found it on level 8 of the Dungeon)


   Skills:
 + Level 17.8 Fighting
 - Level 20.0 Polearms
 - Level 8.0 Throwing
 + Level 10.9 Armour
 + Level 18.2 Dodging
 - Level 5.0 Evocations


You had 15 spell levels left.
You didn't know any spells.
Your spell library was empty.

Dungeon Overview and Level Annotations

Branches:
Dungeon (15/15)            Temple (1/1) D:4            Lair (5/5) D:11
  Swamp (0/4) Lair:3        Snake (0/4) Lair:2        Slime (0/5) Lair:4
    Orc (2/2) D:11            Elf (0/3) Orc:2        Vaults (1/5) D:13
 Depths (0/4) D:15        Volcano (visited)

Altars:
Ashenzari
Cheibriados
Dithmenos
Elyvilon
Fedhas
Gozag
Hepliaklqana
Kikubaaqudgha
Makhleb
Nemelex Xobeh
Okawaru
Qazlal
Ru
Sif Muna
Trog
Uskayaw
Vehumet
Wu Jian
Xom
Yredelemnul
Zin
The Shining One

Shops:
D:5 =[   D:6 (   D:7 (   D:8 *(   D:9 !   Orc:2 :(*[

Annotations:
D:15 2 transporters


Innate Abilities, Weirdness & Mutations

((You are very nimble when in or above water. (Stealth+, EV+, Speed+++)))
Your lower body shifts to a powerful aquatic tail in water.


Message History

The yaktaur wields a +0 arbalest.
The yaktaur shoots a bolt.
You block the bolt with an invisible shield... and reflect it back!
The bolt hits the yaktaur!!
A yaktaur comes into view.
The yaktaur shoots a bolt.
The bolt hits you!
Dmg: -8%(-12hp) hp: 92%(131hp)
The yaktaur shoots a bolt.
The bolt hits you.
Dmg: -2%(-2hp) hp: 92%(131hp)
An ironbound thunderhulk comes into view.
It is wielding a +0 dire flail.
Strange energies crackle from the ironbound thunderhulk's apparatus.
The ironbound thunderhulk blinks!
The ironbound thunderhulk hits you but does no damage.
Strange energies crackle from the ironbound thunderhulk's apparatus.
The ironbound thunderhulk blinks!
Electricity crackles from the ironbound thunderhulk's apparatus.
The bolt of lightning hits you!!
There is an open door here.
Huge Dmg: -22%(-31hp) hp: 73%(104hp)
You close the door.
The yaktaur shoots a bolt.
The bolt misses you.
Something unseen breaks down the door.
Electricity crackles from the ironbound thunderhulk's apparatus.
The bolt of lightning hits you!!!
* * * LOW HITPOINT WARNING * * *
Huge Dmg: -35%(-50hp) hp: 40%(56hp) Electricity crackles from the ironbound thunderhulk's apparatus.
The bolt of lightning hits you!!!
* * * LOW HITPOINT WARNING * * *
Huge Dmg: -26%(-36hp) hp: 14%(20hp)
Okay, then.
Unknown command.
Unknown command.
Unknown command.
Okay, then.
Unknown command.
Unknown command.
As you read the scroll of fog, it crumbles to dust.
The scroll dissolves into smoke.
Electricity crackles from the ironbound thunderhulk's apparatus.
The bolt of lightning hits you!!!
You die...

#....#......#..#####
#....#......#.......
#....#......#)......
#....#####'##.......
#........O..........
########........c..........
...........................
.........§§§............###
.........§@§............#
.........§§§########....#
............#......+....#
............#......+....#
............#......#....#
..#########.#......+....# .
#.......#.#......#....###
#.......#.#......'.......
#.......#)########.......


You could see an ironbound thunderhulk and a yaktaur.

Vanquished Creatures
  Gastronok (D:10)
  Louise (D:15)
  An orc warlord (Orc:2)
  A stone giant (Volcano)
  2 dire elephants
  A fire dragon (D:14)
  Josephine (Orc:2)
  The ghost of Suckerboh the Severer, a journeyman HOMo of Beogh (Orc:1)
  4 vault guards (D:13)
  2 ogre magi (D:15)
  A catoblepas (D:14)
  A great orb of eyes (Vaults:1)
  7 hydras
  3 ironbound frosthearts (Vaults:1)
  10 centaur warriors
  Erica (Orc:1)
  7 two-headed ogres
  2 alligators (Lair:3)
  A boulder beetle (D:14)
  A tengu warrior (D:15)
  6 death yaks
  2 orc high priests (Orc:2)
  Sonja (Lair:3)
  Urug (D:10)
  3 skeletal warriors (D:11)
  A swamp dragon (shapeshifter) (D:13)
  2 ironbound convokers (Vaults:1)
  An obsidian statue (Volcano)
  5 deep elf pyromancers (D:14)
  4 orc knights
  8 ugly things
  An oklob plant (D:9)
  3 orc sorcerers (Orc:2)
  A salamander (D:15)
  7 cyclopes
  3 wolf spiders
  6 manticores
  12 elephants
  6 slime creatures
  11 black mambas
  A guardian serpent (Lair:5)
  18 cane toads
  4 unseen horrors
  A vault sentinel (Vaults:1)
  3 gargoyles
  2 rime drakes
  3 efreet
  A kobold demonologist (D:10)
  7 komodo dragons
  A tengu conjurer (D:15)
  A yaktaur (Vaults:1)
  9 trolls
  4 polar bears
  Prince Ribbit (D:6)
  7 hornets
  21 blink frogs
  2 centaur simulacra (D:10)
  A shadow (D:12)
  55 yaks
  3 fire bats (Volcano)
  7 wraiths
  A vampire (D:9)
  3 basilisks
  An unseen horror simulacrum (D:10)
  A hog (shapeshifter) (D:14)
  15 wyverns
  A redback (Lair:5)
  2 steam dragons
  Menkaure (D:5)
  14 vampire mosquitoes
  A warg (Orc:1)
  3 acid dragons
  31 water moccasins
  30 orc warriors
  2 ice beasts
  A swamp drake (Lair:3)
  2 sky beasts (D:6)
  4 black bears
  13 wolves
  13 ogres
  22 centaurs
  5 kobold brigands
  A phantom (D:4)
  Blork the orc (Orc:2)
  14 bullfrogs
  5 gnoll sergeants
  An earth elemental (Volcano)
  4 scorpions
  15 wights
  4 killer bees (D:9)
  9 howler monkeys
  5 electric eels
  4 lava snakes (Volcano)
  A hound (D:7)
  8 jellies
  3 gnoll boudas
  18 orc priests
  A sleepcap (D:4)
  4 iguanas
  13 orc wizards
  A hell rat (Lair:3)
  34 gnolls
  3 adders
  An adder (shapeshifter) (D:15)
  A shadow imp (D:8)
  4 white imps
  4 ufetubi
  A worm (D:3)
  53 orcs
  20 endoplasms
  5 giant cockroaches
  6 hobgoblins
  4 jackals (D:1)
  18 kobolds
  6 quokkas
  9 ball pythons
  4 bats
  3 frilled lizards
  8 goblins
  8 rats
755 creatures vanquished.

Vanquished Creatures (others)
  53 fungi
  83 plants
136 creatures vanquished.

Grand Total: 891 creatures vanquished

Notes
Turn   | Place    | Note
-------+----------+-------------------------------------------
     0 | D:1      | Canard the Merfolk Berserker began the quest for the Orb.
     0 | D:1      | Reached XP level 1. HP: 18/18 MP: 1/1
   189 | D:1      | Reached XP level 2. HP: 24/24 MP: 2/2
   290 | D:1      | Reached skill level 5 in Polearms
   462 | D:1      | Reached ** piety under Trog
   493 | D:1      | Reached XP level 3. HP: 26/29 MP: 3/3
  1533 | D:2      | Reached skill level 6 in Polearms
  2217 | D:3      | Found a faded altar of an unknown god.
  2429 | D:3      | Reached XP level 4. HP: 35/35 MP: 4/4
  2639 | D:3      | Found a bloodstained altar of Trog.
  2639 | D:3      | Found a white marble altar of Elyvilon.
  2639 | D:3      | Found a shadowy altar of Dithmenos.
  2934 | D:4      | Noticed an ogre
  2939 | D:4      | Noticed a scorpion
  3042 | D:4      | Killed an ogre
  3043 | D:4      | Reached skill level 7 in Polearms
  3043 | D:4      | Reached XP level 5. HP: 41/41 MP: 5/5
  3088 | D:4      | Found a staircase to the Ecumenical Temple.
  3097 | Temple   | Entered the Ecumenical Temple
  3368 | D:4      | Reached skill level 8 in Polearms
  3371 | D:4      | Noticed a phantom
  3399 | D:4      | Killed a phantom
  3400 | D:4      | Reached skill level 9 in Polearms
  3400 | D:4      | Reached XP level 6. HP: 28/47 MP: 6/6
  3773 | D:4      | Found a sparkling altar of Nemelex Xobeh.
  3791 | D:4      | Reached skill level 10 in Polearms
  4085 | D:5      | Entered Level 5 of the Dungeon
  4095 | D:5      | Reached XP level 7. HP: 52/52 MP: 7/7
  4237 | D:5      | Found a shimmering blue altar of Sif Muna.
  4414 | D:5      | Found Ymuelog's Antique Armour Emporium.
  4419 | D:5      | Found Arpha's Jewellery Boutique.
  4434 | D:5      | Bought a pitted leather armour for 147 gold pieces
  4434 | D:5      | Identified the +7 leather armour of Card Tricks {-Tele Fly
                  | rC++ Will-} (You bought it in a shop on level 5 of the
                  | Dungeon)
  4541 | D:5      | Found a hide-covered altar of Uskayaw.
  4697 | D:5      | Noticed Menkaure
  4720 | D:5      | Killed Menkaure
  4922 | D:6      | Reached XP level 8. HP: 49/61 MP: 8/8
  4980 | D:6      | Reached skill level 5 in Dodging
  4988 | D:6      | Reached skill level 5 in Fighting
  5617 | D:6      | Found a glowing drain.
  5753 | D:6      | Reached skill level 11 in Polearms
  5975 | D:6      | Reached XP level 9. HP: 61/68 MP: 9/9
  5981 | D:6      | Reached skill level 12 in Polearms
  6121 | D:6      | Found Aseux's Antique Weapon Emporium.
  6539 | D:7      | Noticed Prince Ribbit
  6565 | D:6      | Killed Prince Ribbit
  6566 | D:6      | Reached skill level 13 in Polearms
  7015 | D:7      | Reached skill level 14 in Polearms
  7086 | D:7      | Reached *** piety under Trog
  7087 | D:7      | Reached XP level 10. HP: 61/77 MP: 10/10
  7208 | D:7      | Found a blossoming altar of Fedhas.
  7280 | D:7      | Found Hiul's Hydra Hut.
  7281 | D:7      | Noticed a four-headed hydra
  7294 | D:7      | Bought a +0 halberd of flaming for 101 gold pieces
  8026 | D:8      | Found Amudyanuage's Antique Weapon Shoppe.
  8187 | D:8      | Found Gopp's Mayhem Merchandise.
  8340 | D:9      | Found a glowing golden altar of the Shining One.
  8453 | D:9      | Noticed a two-headed ogre
  8691 | D:9      | Found Danuico's Distillery.
  8713 | D:9      | Bought 2 potions of heal wounds for 140 gold pieces
  8713 | D:9      | Bought a potion of heal wounds for 70 gold pieces
  8781 | D:9      | Noticed an oklob plant
  8821 | D:9      | Killed an oklob plant
  8953 | D:9      | Reached **** piety under Trog
  9104 | D:9      | Killed a two-headed ogre
  9424 | D:9      | Reached skill level 5 in Armour
  9474 | D:9      | Reached XP level 11. HP: 89/89 MP: 11/11
  9710 | D:10     | Entered Level 10 of the Dungeon
  9780 | D:9      | Reached skill level 10 in Dodging
  9887 | D:10     | Reached skill level 10 in Fighting
  9923 | D:10     | Found an ancient bone altar of Kikubaaqudgha.
 10204 | D:10     | Noticed Urug
 10224 | D:10     | Killed Urug
 10320 | D:10     | Noticed Gastronok
 10332 | D:10     | Killed Gastronok
 10333 | D:10     | Reached skill level 15 in Polearms
 10365 | D:10     | Noticed a five-headed hydra
 10396 | D:10     | Killed a one-headed hydra
 10929 | D:10     | Noticed a cyclops
 10939 | D:10     | Killed a cyclops
 10940 | D:10     | Reached XP level 12. HP: 100/100 MP: 12/12
 11018 | D:10     | Reached skill level 1 in Throwing
 11163 | D:10     | Reached skill level 16 in Polearms
 11419 | D:10     | Noticed a two-headed ogre
 11425 | D:10     | Reached ***** piety under Trog
 11430 | D:10     | Killed a two-headed ogre
 11454 | D:10     | Noticed a four-headed hydra
 11485 | D:10     | Killed a one-headed hydra
 11803 | D:11     | Noticed a two-headed ogre
 11821 | D:11     | Killed a two-headed ogre
 12414 | D:11     | You fall into a shaft and drop 1 floor!
 12425 | D:11     | Reached skill level 5 in Throwing
 12486 | D:11     | Found a staircase to the Lair.
 12584 | D:11     | Found a staircase to the Orcish Mines.
 12852 | D:11     | Noticed a death yak
 12860 | D:11     | Killed a death yak
 13176 | D:12     | Reached XP level 13. HP: 111/111 MP: 13/13
 13388 | D:12     | Found a white marble altar of Elyvilon.
 13681 | D:12     | Identified the +10 glaive "Wynemnuc" {flame, rElec rN+}
                  | (Trog gifted it to you on level 12 of the Dungeon)
 13681 | D:12     | Received a gift from Trog
 14085 | D:13     | Found a gate to the Vaults.
 14085 | D:13     | Noticed a vault guard
 14085 | D:13     | Noticed a vault guard
 14085 | D:13     | Noticed a vault guard
 14085 | D:13     | Noticed a vault guard
 14371 | D:13     | Identified the +2 scale mail of Quashe {Rampage *Corrode
                  | Fly rF++}
 14733 | D:13     | Killed a vault guard
 14830 | D:13     | Killed a vault guard
 14994 | D:13     | Killed a vault guard
 15044 | D:13     | Killed a vault guard
 15045 | D:13     | Reached skill level 17 in Polearms
 15547 | D:13     | Identified the +5 leather armour of Philately {-Tele rCorr
                  | Int+8 SInv}
 15676 | Orc:1    | Entered Level 1 of the Orcish Mines
 15843 | Orc:1    | Noticed Erica
 15864 | Orc:1    | Killed Erica
 16072 | Orc:1    | Found a large runed translucent door.
 16072 | Orc:1    | Found a large runed translucent door.
 16077 | Orc:1    | Noticed Suckerboh's ghost (journeyman HOMo)
 16247 | Orc:1    | Killed Suckerboh's ghost
 16332 | Orc:2    | Entered Level 2 of the Orcish Mines
 16462 | Orc:2    | Reached XP level 14. HP: 121/121 MP: 14/14
 16820 | Orc:2    | Reached skill level 18 in Polearms
 17067 | Orc:2    | Noticed an orc warlord
 17363 | Orc:2    | Killed an orc warlord
 17679 | Orc:2    | Noticed Blork the orc
 17726 | Orc:2    | Killed Blork the orc
 17896 | Orc:2    | Reached skill level 15 in Fighting
 17911 | Orc:2    | Found Vekheuc's Antique Weapon Shop.
 17945 | Orc:2    | Noticed Josephine
 17956 | Orc:2    | Killed Josephine
 17994 | Orc:2    | Found a staircase to the Elven Halls.
 18102 | Orc:2    | Found Pucy's General Store.
 18131 | Orc:2    | Found Setyir's Antique Armour Shop.
 18145 | Orc:2    | Found Ceuris's Book Shop.
 18153 | Orc:2    | Bought a manual of Polearms for 1200 gold pieces
 18271 | Lair:1   | Entered Level 1 of the Lair of Beasts
 18482 | Lair:1   | Found a dark tunnel.
 18499 | Lair:1   | Identified a scroll of acquirement
 18500 | Lair:1   | Acquired a manual of Dodging
 18504 | Volcano  | Entered a volcano
 18557 | Volcano  | Received a gift from Trog
 18557 | Volcano  | Found the +12 glaive of Prune {freeze, Prune}
 18623 | Volcano  | Reached skill level 19 in Polearms
 18625 | Volcano  | Noticed a stone giant
 18636 | Volcano  | HP: 5/123 [stone giant (31)]
 18758 | Volcano  | Killed a stone giant
 19147 | Volcano  | Found a bloodstained altar of Trog.
 19984 | Lair:2   | Found a staircase to the Snake Pit.
 20397 | Lair:2   | Reached skill level 20 in Polearms
 21409 | Lair:3   | Reached XP level 15. HP: 129/130 MP: 15/15
 21473 | Lair:3   | Noticed Sonja
 21488 | Lair:3   | Killed Sonja
 21540 | Lair:3   | Found a staircase to the Swamp.
 21906 | Lair:3   | Paralysed by a hornet for 1 turns
 22216 | Lair:4   | Reached skill level 1 in Evocations
 22551 | Lair:4   | Identified the +1 robe of the Pits of Slime {Regen+ Str+3
                  | Int+7 Dex-3}
 22761 | Lair:4   | Found a staircase to the Slime Pits.
 23089 | Lair:5   | Entered Level 5 of the Lair of Beasts
 23500 | Lair:5   | Reached skill level 15 in Dodging
 23998 | Lair:5   | Identified the +3 bardiche "Atitel" {flame, rC+ rCorr
                  | Str+5} (Trog gifted it to you on level 5 of the Lair of
                  | Beasts)
 23998 | Lair:5   | Received a gift from Trog
 24282 | Lair:5   | Reached skill level 10 in Armour
 25018 | D:14     | Reached XP level 16. HP: 137/140 MP: 16/16
 25131 | D:14     | Reached skill level 5 in Evocations
 25854 | D:15     | Entered Level 15 of the Dungeon
 26214 | D:15     | Found a transporter.
 26218 | D:15     | Found a transporter.
 26219 | D:15     | Found a transporter.
 26220 | D:15     | Found a transporter.
 26288 | D:15     | Received a gift from Trog
 26391 | D:15     | Noticed Louise
 26419 | D:15     | Killed Louise
 26737 | D:15     | Found a staircase to the Depths.
 27142 | Vaults:1 | Entered Level 1 of the Vaults
 27716 | Vaults:1 | Killed from afar by an ironbound thunderhulk

Illustrated notes

Levels and vault maps discovered:
D:1:      lemuel_arrival_cross, layout_basic
D:2:      layout_rooms, serial_co_window_serial, co_window_of_opportunity_a,
          co_window_paths_a, co_window_corner_a, co_window_cross_1,
          co_window_paths_a, co_window_unsneaky_path_b,
          co_window_unsneaky_path_c, co_window_2corner, co_window_cross_3,
          co_window_sun, glass_columns_a, glass_columns_b, glass_columns_b
D:3:      layout_loops_corners, gammafunk_temple_overflow_forgotten,
          hellmonk_ecumenical_altar_blasted
D:4:      layout_loops_ring, amcnicky_altar_gilded, lemuel_temple_firewalk_a,
          minmay_misc_feat_columns, minmay_checkerbox
D:5:      layout_cave_pools, nicolae_uskayaw_suspiria,
          mainiacjoe_overflow_24_doors, nicolae_wooded_promenade,
          corexii_leaking_fountain, minmay_holes, uniq_menkaure
D:6:      layout_basic, portal_sewer_entry_d, serial_shops,
          kennysheep_mini_moat, minmay_misc_feat_chi, minmay_door_square
D:7:      layout_rooms, fedhas_altar_fruit_tree, doesnt_shop_hydraphobe,
          uniq_prince_ribbit1
D:8:      layout_gridville, serial_shops, nicolae_diamond_shop,
          minmay_shop_mayhem, nrook_pool_corridor, hellmonk_bongcloud_opening,
          chequers_mini_garden
D:9:      lemuel_slime, layout_small_grid, tso_metal_star, serial_shops,
          nicolae_square_shop, minivault_5
D:10:     minmay_quarter_circles, layout_loops_ring, kiku_gazebo_pond_becter,
          serial_ice, serial_ice_h, serial_ice_l, serial_ice_b, serial_ice_f,
          uniq_gastronok, uniq_urug
D:11:     layout_irregular_city, david_lair_generic, orc_0_dummy, st_stairs_10,
          hangedman_abyss_or_decor_passed
D:12:     layout_loops_corners, elyvilon_altar_1
D:13:     layout_stronghold, lightli_vaults_fourway_checkpoint
D:14:     layout_irregular_city, chequers_serial_rivers_micro_c
D:15:     hangedman_depths_entry_try_elsewhere_first, layout_rooms,
          roderic_serpentine_path, nicolae_diode_intersection, uniq_louise
Temple:   nicolae_temple_god_jail
Lair:1:   layout_roguey, enter_volcano_2
Lair:2:   layout_roguey, minmay_snake_entry_six_corridors,
          gammafunk_lair_bear_cave
Lair:3:   layout_long_grid, minmay_swamp_entry_reptiles,
          nicolae_lair_lakeside_cave, uniq_sonja
Lair:4:   layout_regular_city, dpeg_slime_entry_enclosed, wad_woods_river_01
Lair:5:   hangedman_lair_tendril_chambers, layout_gridlike
Orc:1:    layout_diamond_mine, ebering_ghost_disaster_area, uniq_erica
Orc:2:    grunt_orc_cross, layout_diamond_mine, uniq_josephine
Vaults:1: vaults_dpeg_ring, ontoclasm_vaults_bender,
          nicolae_vaults_cornered_office, nicolae_vaults_frosty_reception,
          nicolae_vaults_mini_display_case, vaults_dpeg_hooks,
          grunt_vaults_hallway_short, layout_vaults_chaotic_city, serial_shops,
          shop

Skill      XL: |  1  2  3  4  5  6  7  8  9 10 11 12 13 14 15 16 |
---------------+-------------------------------------------------+-----
Polearms       | 5 6 7 9 10 11 14 15 16 17 20 | 20.0
Dodging        | 4 7 9 10 12 16 18 | 18.2
Armour         | 2 3 5 6 7 9 10 | 10.9
Fighting       | 4 5 6 9 11 13 14 15 16 17 | 17.8
Throwing       | 6 8 |  8.0
Evocations     | 4 5 |  5.0

Action                     |  1- 3 |  4- 6 |  7- 9 | 10-12 | 13-15 | 16-18 || total
---------------------------+-------+-------+-------+-------+-------+-------++-------
  Melee: Spear             |   184 |   156 |   161 |       |       |       ||   501
         Punch             |       |       |     3 |     1 |       |       ||     4
         Trident           |       |       |   169 |   252 |       |       ||   421
         Halberd           |       |       |       |   541 |    71 |       ||   612
         Tailslap          |       |       |       |     2 |     3 |       ||     5
         Glaive            |       |       |       |       |   902 |   232 ||  1134
  Throw: Dart              |       |       |     4 |     9 |    23 |    15 ||    51
         Javelin           |       |       |       |     2 |     2 |       ||     4
 Invoke: Berserk           |     3 |     4 |    11 |    16 |    18 |     2 ||    54
         Trog's Hand       |       |     1 |       |     2 |     7 |       ||    10
         Brothers in Arms  |       |       |       |       |     1 |       ||     1
  Evoke: Wand              |       |       |       |       |     2 |       ||     2
    Use: Scroll            |       |       |     6 |    15 |    12 |     1 ||    34
         Potion            |       |       |       |     1 |     9 |       ||    10
   Stab: Sleeping          |     2 |       |     1 |     2 |       |       ||     5
         Distracted        |       |     1 |       |     1 |       |       ||     2
 Armour: Animal skin       |    21 |    24 |       |       |       |       ||    45
         Ring mail         |       |       |    13 |       |       |       ||    13
         Leather armour    |       |       |    55 |     3 |       |       ||    58
         Steam dragon scal |       |       |       |    46 |       |       ||    46
         Chain mail        |       |       |       |    97 |   127 |       ||   224
         Plate armour      |       |       |       |       |   114 |    48 ||   162
  Dodge: Dodged            |    82 |    75 |   100 |   417 |   429 |    95 ||  1198
  Block: Other             |       |       |       |       |    25 |    24 ||    49
         Reflection        |       |       |       |       |       |     6 ||     6
